 Dungeon Crawl Stone Soup version 0.31.0-11-ge490571c62 (webtiles) character file.

Game seed: 8433433272884301609

70 Arcadio the Chiller (level 4, -2/30 HPs)
             Began as a Barachi Ice Elementalist on Jan 31, 2024.
             Slain by Terence
             ... wielding a +3 flail of distortion
              (19 damage)
             ... on level 3 of the Dungeon.
             The game lasted 00:02:54 (2356 turns).

Arcadio the Chiller (Barachi Ice Elementalist)      Turns: 2356, Time: 00:02:55

Health: -2/30      AC:  3    Str:  9    XL:     4   Next: 22%
Magic:  6/8        EV: 12    Int: 18    God:
Gold:   139        SH:  0    Dex: 12    Spells: 8/9 levels left

rFire   . . .        g - +0 short sword
rCold   . . .        (no shield)
rNeg    . . .        a - +0 robe
rPois   .            (no helmet)
rElec   .            (no cloak)
rCorr   .            i - +0 pair of gloves
SInv    .            (no boots)
Will    .....        (no amulet)
Stlth   ++           (no ring)
HPRegen 0.25/turn    (no ring)
MPRegen 0.11/turn

%: no passive effects
@: slow
A: amphibious, slowness 1, strong legs 1, +LOS
a: Hop


You were on level 3 of the Dungeon.
You visited 1 branch of the dungeon, and saw 3 of its levels.

You collected 139 gold pieces.

Inventory:

Hand Weapons
 g - a +0 short sword (weapon)
Armour
 a - a +0 robe (worn)
 i - a +0 pair of gloves (worn)
Scrolls
 d - 2 scrolls of enchant weapon {unknown}
 e - a scroll of teleportation {unknown}
 h - a scroll of torment {unknown}
 j - 3 scrolls of identify {unknown}
 l - a scroll of revelation {unknown}
Potions
 b - a potion of magic
 c - a potion of berserk rage {unknown}
 f - a potion of resistance {unknown}
 k - a potion of heal wounds {unknown}
 m - 2 potions of curing {unknown}


   Skills:
 + Level 3.3 Dodging
 - Level 1.7 Stealth
 + Level 3.1 Spellcasting
 + Level 5.5 Ice Magic


You had 8 spell levels left.
You knew the following spells:

 Your Spells              Type           Power      Damage    Failure   Level
a - Freeze                Ice            88%        1d9       1%          1

Your spell library contained the following spells:

 Spells                   Type           Power      Damage    Failure   Level
 Frozen Ramparts          Ice            44%        1d7       4%          3
 Ozocubu's Armour         Ice            22%        N/A       4%          3
 Sting                    Conj/Alch      8%         1d3       16%         1
 Summon Ice Beast         Ice/Summ       12%        N/A       16%         3
 Mercury Vapours          Alch/Air       4%         N/A       24%         2
 Olgreb's Toxic Radiance  Alch           2%         N/A       85%         4


Dungeon Overview and Level Annotations

Branches:
Dungeon (3/15)

Altars:

Annotations:
D:3 Terence


Innate Abilities, Weirdness & Mutations

You are amphibious.
You cover ground slowly.
You can hop short distances.
You have an extended range of vision and can be seen from far away.


Message History

You kill the bat!
A dart slug comes into view.
You see here 4 gold pieces.
The helpless dart slug fails to defend itself.
You hit the dart slug.
The dart slug is moderately wounded.
The dart slug launches a dart at you. The slug dart hits you.
You hit the dart slug.
The dart slug is severely wounded.
You hit the dart slug.
You kill the dart slug!
You now have 129 gold pieces (gained 4).
You now have 139 gold pieces (gained 10).
Terence the Incautious comes into view.
He is wielding a +3 flail of distortion.
Terence shouts!
Terence bares his teeth.
Casting: Freeze (safe; 1% risk of failure)
Confirm with . or Enter, or press ? or * to list all spells.
Okay, then.
Casting: Freeze (safe; 1% risk of failure)
Confirm with . or Enter, or press ? or * to list all spells.
Aiming: Freeze (safe; 1% risk of failure)
Press: ? - help, Shift-Dir - straight line, f - Terence
Aim: Terence, wielding a +3 flail of distortion and wearing a +0 chain mail You freeze Terence.
Terence is moderately wounded.
Terence barely misses you.
Casting: Freeze (safe; 1% risk of failure)
Confirm with . or Enter, or press ? or * to list all spells.
Aiming: Freeze (safe; 1% risk of failure)
Press: ? - help, Shift-Dir - straight line, f/p - Terence
Aim: Terence, wielding a +3 flail of distortion and wearing a +0 chain mail (moderately wounded)
You freeze Terence!
Terence is severely wounded.
Terence hits you with a +3 flail of distortion!
Space warps horribly around you!!
Ouch! That really hurt!
You die...
Terence says, "That felt goooood."

##.# ...# ##.# ...#
##.#### ......# ####
##.##.# ...
#.##.###########@###
..##...........@...#
#####.##.##.#####.#.....#
#...#.##.# ... ....
....(..##.# .##.# .#
###...####.# .. .. .....
..# .# ..# ...... ### .#
.# ....... .. # ..###..#
##


You could see Terence.

Vanquished Creatures
  3 adders (D:2)
  2 dart slugs
  3 ribbon worms
  2 ball pythons
  5 bats
  5 endoplasms
  3 giant cockroaches (D:2)
  A goblin (D:2)
  2 hobgoblins (D:1)
  A quokka (D:2)
  A frilled lizard (D:1)
  2 kobolds
  2 rats
32 creatures vanquished.

Notes
Turn   | Place    | Note
-------+----------+-------------------------------------------
     0 | D:1      | Arcadio the Barachi Ice Elementalist began the quest for
                  | the Orb.
     0 | D:1      | Reached XP level 1. HP: 13/13 MP: 3/3
   280 | D:1      | Reached skill level 5 in Ice Magic
   280 | D:1      | Reached XP level 2. HP: 6/19 MP: 0/5
  1457 | D:2      | Found a faded altar of an unknown god.
  1512 | D:2      | Reached XP level 3. HP: 21/24 MP: 0/7
  1969 | D:2      | Reached XP level 4. HP: 30/30 MP: 2/8
  2354 | D:3      | Noticed Terence
  2356 | D:3      | Slain by Terence

Illustrated notes

Levels and vault maps discovered:
D:1:      scummos_arrival_simple_crosswalls, layout_basic, glass_columns_a
D:2:      layout_loops_cross, ebering_ecumenical_altar_abandoned
D:3:      layout_loops_cross, gammafunk_ghost_cemetery, uniq_terence

Skill      XL: |  1  2  3 |
---------------+----------+-----
Ice Magic      | 5 |  5.5
Dodging        | 3 |  3.3
Spellcasting   | 3 |  3.1
Stealth        | |  1.7

Action                     |  1- 3 |  4- 6 || total
---------------------------+-------+-------++-------
  Melee: Unarmed           |    16 |       ||    16
         Short sword       |    25 |     7 ||    32
   Cast: Freeze            |    49 |     5 ||    54
Ability: Hop               |     1 |       ||     1
   Stab: Sleeping          |     2 |     2 ||     4
 Armour: Robe              |    37 |     4 ||    41
  Dodge: Dodged            |    52 |     5 ||    57
